 Dungeon Crawl Stone Soup version 0.31.0-32-g396128a36d (webtiles) character file.

Game seed: 10993689406307496516

26 spaghetti the Caller (level 3, 0/28 HPs)
             Began as a Naga Summoner on Mar 9, 2024.
             Slain by a bat (1 damage)
             ... on level 1 of the Dungeon.
             The game lasted 00:01:14 (666 turns).

spaghetti the Caller (Naga Summoner)                 Turns: 666, Time: 00:01:15

Health: 0/28       AC:  2    Str: 10    XL:     3   Next: 8%
Magic:  1/7        EV:  9    Int: 17    God:
Gold:   5          SH:  0    Dex: 11    Spells: 1/7 levels left

rFire   . . .        (no weapon)
rCold   . . .        (no shield)
rNeg    . . .        a - +0 robe
rPois   +            (no helmet)
rElec   .            (no cloak)
rCorr   .            (no gloves)
SInv    +            (no barding)
Will    .....        (no amulet)
Stlth   ++           (no ring)
HPRegen 0.24/turn    (no ring)
MPRegen 0.10/turn

%: no passive effects
@: inugami summoned, very slow
A: AC +1, large, see invisible, deformed body, poison resistance, slowness 2,
spit poison 1, naga tail 1
a: Spit Poison


You were on level 1 of the Dungeon.
You visited 1 branch of the dungeon, and saw 2 of its levels.

You collected 5 gold pieces.

Inventory:

Armour
 a - a +0 robe (worn)
Scrolls
 c - 2 scrolls of vulnerability {unknown}
Potions
 b - a potion of magic
 d - a potion of attraction {unknown}
 e - a potion of ambrosia {unknown}


   Skills:
 - Level 1.5 Dodging
 - Level 3.0 Stealth
 + Level 2.6 Spellcasting
 + Level 4.5 Summonings


You had one spell level left.
You knew the following spells:

 Your Spells              Type           Power      Damage    Failure   Level
a - Summon Small Mammal   Summ           68%        N/A       2%          1
b - Call Imp              Summ           34%        N/A       4%          2
c - Call Canine Familiar  Summ           17%        N/A       9%          3

Your spell library contained the following spells:

 Spells                   Type           Power      Damage    Failure   Level
 Summon Blazeheart Golem  Fire/Summ      9%         N/A       56%         4
 Summon Lightning Spire   Summ/Air       9%         N/A       56%         4


Dungeon Overview and Level Annotations

Branches:
Dungeon (2/15)

Altars:


Innate Abilities, Weirdness & Mutations

Your serpentine skin is tough. (AC +1)
You have supernaturally acute eyesight. (SInv)
Armour fits poorly on your strangely shaped body.
Your system is resistant to poisons. (rPois)
You cover ground very slowly.
You can spit poison.
You have a snake-like lower body.


Message History

You are too injured to fight recklessly!
You are too injured to fight recklessly!
You are too injured to fight recklessly!
You are too injured to fight recklessly!
You are too injured to fight recklessly!
You are too injured to fight recklessly!
You are too injured to fight recklessly!
You are too injured to fight recklessly!
You are too injured to fight recklessly!
Casting: Call Imp (safe; 4% risk of failure)
Confirm with . or Enter, or press ? or * to list all spells.
You call for your canine familiar and it appears with a howl!
The bat barely misses you. The quokka closely misses you.
The quokka barely misses you. The hobgoblin misses you. The quokka bites you.
Casting: Call Canine Familiar (quite dangerous; 9% risk of failure)
Confirm with . or Enter, or press ? or * to list all spells.
A tiny devil pulls itself out of the air.
The quokka bites you. The hobgoblin closely misses you.
The quokka barely misses you. The bat closely misses you.
You barely miss the hobgoblin. The bat hits you.
The bat hits you but does no damage. The quokka bites you.
The quokka closely misses you. The hobgoblin hits you. The quokka bites you.
* * * LOW HITPOINT WARNING * * *
Your cerulean imp hits the hobgoblin with a -3 spear.
Your inugami misses the bat.
The bat hits your inugami but does no damage.
The quokka twitches its whiskers.
The quokka attacks as it pursues you! The quokka bites you.
* * * LOW HITPOINT WARNING * * *
The hobgoblin hits you.
* * * LOW HITPOINT WARNING * * *
Your inugami hits the hobgoblin.
Your cerulean imp misses the hobgoblin.
The quokka bites you.
* * * LOW HITPOINT WARNING * * *
Unknown command.
Unknown command.
Casting: Call Imp (safe; 4% risk of failure)
Confirm with . or Enter, or press ? or * to list all spells.
The bat hits you but does no damage. The bat hits you.
You die...

.....'.# ....#
..8..#.# .>.######
.....'.# #.[.....#
..<..#)# #.......#
######.# #.......#
### #.......#
#.....b.# #..rrgb.#
############.#.h@5.#
.............#.....#
##############.....#
#######


You could see 2 quokkas, a hobgoblin (ally target), a bat (ally target), a
friendly cerulean imp (summoned), a friendly inugami (summoned) and a friendly
bat (summoned).

Vanquished Creatures
  A ball python (D:1)
  A goblin (D:1)
  2 hobgoblins
  2 jackals
  A frilled lizard (D:1)
  A kobold (D:1)
  3 rats (D:1)
11 creatures vanquished.

Vanquished Creatures (collateral kills)
  2 bats (D:1)
  2 endoplasms (D:1)
  A giant cockroach (D:1)
  2 hobgoblins (D:1)
  2 jackals
  2 frilled lizards (D:1)
  A goblin (D:1)
12 creatures vanquished.

Grand Total: 23 creatures vanquished

Notes
Turn   | Place    | Note
-------+----------+-------------------------------------------
     0 | D:1      | spaghetti the Naga Summoner began the quest for the Orb.
     0 | D:1      | Reached XP level 1. HP: 15/15 MP: 3/3
    93 | D:1      | Reached XP level 2. HP: 22/22 MP: 1/5
   102 | D:1      | Learned a level 2 spell: Call Imp
   484 | D:1      | Reached XP level 3. HP: 24/28 MP: 2/6
   488 | D:1      | Learned a level 3 spell: Call Canine Familiar
   665 | D:1      | HP: 1/28 [quokka (2)]
   666 | D:1      | Slain by a bat

Illustrated notes

Levels and vault maps discovered:
D:1:      minmay_arrival_solitary_statue, layout_basic
D:2:      layout_basic

Action                     || total
---------------------------++-------
  Melee: Unarmed           ||    52
         Punch             ||     1
   Cast: Summon Small Mamm ||    12
         Call Imp          ||     8
         Call Canine Famil ||     2
Ability: Spit Poison       ||     6
   Stab: Sleeping          ||     1
 Armour: Robe              ||    77
  Dodge: Dodged            ||    66
